 Dungeon Crawl Stone Soup version 0.29.1-15-g9cfb28693d (webtiles) character file.

Game seed: 3243476414407177200

172325 Gumption the Peltast (level 17, -7/249 HPs)
             Began as a Minotaur Berserker on Mar 20, 2023.
             Was the Champion of Trog.
             Succumbed to naga's concentrated venom
             ... on level 4 of the Snake Pit on Mar 21, 2023.
             The game lasted 04:19:50 (36492 turns).

Gumption the Peltast (Minotaur Berserker)          Turns: 36492, Time: 04:19:51

Health: -7/249     AC: 38    Str: 24    XL:     17   Next: 16%
Magic:  1/16       EV:  6    Int: 12    God:    Trog [******]
Gold:   2784       SH: 14    Dex: 12    Spells: 16/16 levels left

rFire   + . .      SeeInvis +   a - +6 demon trident (venom)
rCold   + . .      Faith    .   t - +0 kite shield
rNeg    . . .      Spirit   +   O - +9 scales of the Dragon King {rPois rF+ rC+ Will+}
rPois   +          Reflect  .   (helmet restricted)
rElec   .          Harm     .   F - +0 cloak
rCorr   .          Rampage  .   d - +0 pair of gloves
Will    +++++                   U - +2 pair of boots {Fly}
Stlth   ..........              P - amulet of guardian spirit
HPRegen 1.51/turn               J - ring of Waoruyf {rPois Will+ Str-2 Int+6 SInv}
MPRegen 0.15/turn               Z - +4 ring of slaying

@: berserking, lethally poisoned (-7 -> -28), strong-willed, flying,
regenerating, slowed, constricted
A: horns 2, retaliatory headbutt
}: 1/15 runes: decaying
a: Renounce Religion, Berserk, Trog's Hand, Brothers in Arms


You were on level 4 of the Snake Pit.
You worshipped Trog.
Trog was exalted by your worship.
You visited 5 branches of the dungeon, and saw 30 of its levels.
You also visited: Sewer and Gauntlet.

You collected 3786 gold pieces.
You spent 1002 gold pieces at shops.

Inventory:

Hand Weapons
 a - a +6 demon trident of venom (weapon)
 R - a +4 demon trident of protection
Missiles
 u - a throwing net
 y - 11 curare-tipped darts
 S - 4 javelins (quivered)
 W - 5 silver javelins
Armour
 d - a +0 pair of gloves (worn)
 t - a +0 kite shield (worn)
 F - a +0 cloak (worn)
 O - the +9 scales of the Dragon King (worn) {rPois rF+ rC+ Will+}
   (You found it on level 9 of the Dungeon)

   rF:        It protects you from fire.
   rC:        It protects you from cold.
   rPois:     It protects you from poison.
   Will:      It increases your willpower.
 U - a +2 pair of boots of flying (worn)
Jewellery
 q - a ring of protection from fire
 A - a +4 ring of protection
 G - a ring of see invisible
 J - the ring of Waoruyf (left hand) {rPois Will+ Str-2 Int+6 SInv}
   (You found it on level 3 of the Snake Pit)

   [ring of see invisible]

   Str:       It affects your strength (-2).
   Int:       It affects your intelligence (+6).
   rPois:     It protects you from poison.
   SInv:      It lets you see invisible.
   Will:      It increases your willpower.
 M - an amulet of regeneration
 P - an amulet of guardian spirit (around neck)
 V - a ring of willpower
 Z - a +4 ring of slaying (right hand)
Wands
 i - a wand of paralysis (4)
 x - a wand of digging (8)
 L - a wand of iceblast (15)
Scrolls
 b - a scroll of silence
 f - 2 scrolls of fog
 h - 6 scrolls of teleportation
 l - a scroll of poison
 o - 3 scrolls of magic mapping
 p - 3 scrolls of enchant weapon
 r - 3 scrolls of identify
 w - 2 scrolls of blinking
 B - a scroll of brand weapon
 D - a scroll of acquirement {unknown}
 H - 7 scrolls of enchant armour
 Q - 2 scrolls of immolation
 Y - 2 scrolls of fear
Potions
 c - 3 potions of magic
 e - 3 potions of ambrosia
 g - 2 potions of resistance
 j - 11 potions of heal wounds
 k - 2 potions of cancellation
 m - 8 potions of lignification
 n - 4 potions of flight
 s - 5 potions of attraction
 v - 14 potions of curing
 z - 8 potions of mutation
 C - a potion of invisibility
 E - 9 potions of haste
 I - 3 potions of might
Miscellaneous
 T - a phantom mirror


   Skills:
 + Level 18.6 Fighting
 - Level 7.1(11.1) Axes
 - Level 13.2(14.0) Polearms
 + Level 18.5 Armour
 * Level 11.9 Dodging
 + Level 19.5 Shields


You had 16 spell levels left.
You didn't know any spells.
Your spell library was empty.

Dungeon Overview and Level Annotations

Branches:
Dungeon (15/15)            Temple (0/1) D:7            Lair (5/5) D:11
  Swamp (4/4) Lair:3        Snake (4/4) Lair:2        Slime (0/5) Lair:5
    Orc (2/2) D:12            Elf (0/3) Orc:2        Vaults (0/5) D:14
 Depths (0/4) D:15          Sewer (visited)         Gauntlet (visited)

Altars:
Cheibriados
Elyvilon
Fedhas
Gozag
Kikubaaqudgha
Okawaru
Qazlal
Uskayaw
Vehumet
Wu Jian
Xom
Yredelemnul
Zin
Jiyva

Shops:
D:12 (   Orc:2 =(*[   Snake:2 [=?

Annotations:
Swamp:3 2 transporters


Innate Abilities, Weirdness & Mutations

You have a pair of horns on your head.
You reflexively headbutt those who attack you in melee.


Message History

The black mamba bites you but does no damage.
The naga hits you with a +2 hand axe of freezing!
* * * LOW HITPOINT WARNING * * *
The naga freezes you.
* * * LOW HITPOINT WARNING * * *
The salamander hits you but does no damage.
Your troll goes berserk!
* * * LOW HITPOINT WARNING * * *
You feel extremely sick.
The black mamba bites you but does no damage.
The naga mage hits you but does no damage.
The naga hits you but does no damage. You block the naga's attack.
The naga constricts you. The naga spits poison at you.
The splash of poison hits you but does no damage.
You block the black mamba's attack.
The naga mage hits you but does no damage.
The salamander hits you but does no damage.
You block the naga's attack. The naga mage barely misses you.
You block the naga's attack. The black mamba bites you!
* * * LOW HITPOINT WARNING * * *
The naga hits you but does no damage. The naga spits poison at you.
The splash of poison hits you but does no damage.
The naga constricts you. The naga mage hits you with a +0 club.
* * * LOW HITPOINT WARNING * * *
The naga hits you but does no damage. The naga hits you with a +0 mace.
* * * LOW HITPOINT WARNING * * *
The naga spits poison at you. The splash of poison hits you.
* * * LOW HITPOINT WARNING * * *
The salamander hits you from afar with a +0 halberd!
* * * LOW HITPOINT WARNING * * *
You are engulfed in flames.
You resist.
* * * LOW HITPOINT WARNING * * *
The naga mage hits you but does no damage.
The salamander mystic hits you but does no damage.
A red film seems to cover your vision as you go berserk!
You feel yourself moving faster!
You feel mighty!
You die...

#............
#...........#
#...........#
#.......)...##
##(...........#
......N.......#
.....NN.N......
......S@N......
.....NNNNT.....
.......NN......
...............
...............
...............
..............#
.............##


You could see a salamander mystic, a salamander, a black mamba, 2 naga magi, 7
nagas and a friendly troll (summoned, berserk).

Vanquished Creatures
  The ghost of Waacy the Hill Orc Cataclysm, an adept HOFi of Qazlal (Lair:2)
  A fire giant (D:15)
  An orc warlord (Orc:2)
  An eleionoma (Swamp:3)
  A minotaur (Gauntlet)
  Nessos (D:12)
  6 bunyips
  Snorg (Lair:4)
  Josephine (Lair:3)
  A fire dragon (Lair:5)
  A shambling mangrove (Swamp:4)
  Fannar (Lair:3)
  4 vault guards (D:14)
  4 boulder beetles
  2 catoblepae
  5 centaur warriors
  A ghost crab (Swamp:3)
  21 hydras
  5 anacondas
  An ogre mage (D:15)
  3 naga warriors
  4 alligators
  6 two-headed ogres
  Urug (Lair:3)
  2 tengu warriors
  4 death yaks (Lair:5)
  9 naga sharpshooters
  2 orc high priests (Orc:2)
  5 shock serpents
  Nergalle (D:11)
  3 skeletal warriors (D:15)
  3 goliath frogs
  4 spriggan druids
  2 naga ritualists (Snake:1)
  Lodul (D:11)
  Pikel (D:7)
  2 bog bodies
  13 swamp dragons
  3 orc knights (Orc:2)
  4 lindwurms
  2 deep elf pyromancers
  A mana viper (Snake:1)
  3 orc sorcerers (Orc:2)
  A wolf spider (D:15)
  7 cyclopes
  A will-o-the-wisp (Swamp:3)
  3 manticores
  A mana viper (shapeshifter) (D:14)
  7 ugly things
  5 salamanders
  2 guardian serpents
  9 elephants
  Maurice (D:9)
  7 naga magi
  24 black mambas
  3 molten gargoyles (Lair:5)
  A gargoyle (Gauntlet)
  A torpor snail (Lair:5)
  9 cane toads
  4 rime drakes
  2 kobold demonologists (D:11)
  5 tengu conjurers
  A freezing wraith (D:14)
  3 unseen horrors
  9 komodo dragons
  3 trolls
  2 queen bees
  9 hornets
  11 slime creatures
  3 blink frogs (Lair:3)
  3 wolf spider simulacra
  4 polar bears
  9 tyrant leeches
  5 dream sheep (Lair:4)
  A centaur simulacrum (Gauntlet)
  12 spriggans
  61 yaks
  5 wyverns
  7 wraiths
  10 vampire mosquitoes
  2 basilisks (shapeshifter)
  7 basilisks
  3 steam dragons (Lair:5)
  5 wargs (Orc:2)
  9 swamp worms
  26 nagas
  A warg (shapeshifter) (D:14)
  Edmund (D:4)
  2 acid dragons
  A hydra simulacrum (Gauntlet)
  13 water moccasins
  4 hell hounds (Lair:5)
  4 swamp drakes
  A black bear (shapeshifter) (D:13)
  A meliai simulacrum (Gauntlet)
  12 ogres
  2 sky beasts (D:7)
  25 orc warriors
  2 ice beasts (D:6)
  2 black bears (Lair:4)
  7 wolves
  8 centaurs
  5 boggarts
  2 phantoms
  21 kobold brigands
  Blork the orc (Orc:2)
  9 bullfrogs
  7 necrophages
  6 scorpions
  2 wyvern zombies (D:7)
  3 gnoll sergeants
  5 wights (D:8)
  25 killer bees
  5 howler monkeys
  6 electric eels
  5 lava snakes (Lair:5)
  3 jellies
  Crazy Yiuf (D:7)
  2 hounds (D:6)
  24 orc priests
  5 gnoll boudas
  3 iguanas (D:5)
  7 hell rats (Lair:3)
  Ijyb (D:4)
  17 orc wizards
  Robin (D:3)
  26 gnolls
  9 river rats
  13 adders
  2 shadow imps
  A white imp (D:6)
  6 worms
  3 dart slugs
  71 orcs
  7 ball pythons
  10 endoplasms
  2 giant cockroaches
  15 goblins
  12 hobgoblins
  3 jackals (D:4)
  30 kobolds
  3 quokkas
  11 bats
  3 frilled lizards
  18 rats
939 creatures vanquished.

Vanquished Creatures (others)
  A bunyip (Swamp:2)
  An alligator (Swamp:4)
  4 bloated husks
  A boggart (D:14)
  2 bushes (D:7)
  4 foxfires
  37 fungi
  66 plants
  2 withered plants (Gauntlet)
118 creatures vanquished.

Grand Total: 1057 creatures vanquished

Notes
Turn   | Place    | Note
-------+----------+-------------------------------------------
     0 | D:1      | Gumption the Minotaur Berserker began the quest for the
                  | Orb.
     0 | D:1      | Reached XP level 1. HP: 19/19 MP: 0/0
   180 | D:1      | Found a faded altar of an unknown god.
   251 | D:1      | Reached XP level 2. HP: 24/27 MP: 1/1
   957 | D:2      | Reached XP level 3. HP: 32/33 MP: 2/2
  1267 | D:2      | Reached ** piety under Trog
  2192 | D:3      | Noticed Robin
  2212 | D:3      | Reached XP level 4. HP: 32/40 MP: 3/3
  2213 | D:3      | Reached skill level 5 in Axes
  2217 | D:3      | Killed Robin
  2290 | D:3      | Found a stormy altar of Qazlal.
  2442 | D:3      | Found a radiant altar of Vehumet.
  2551 | D:3      | Reached XP level 5. HP: 47/47 MP: 4/4
  2973 | D:4      | Noticed Edmund
  2984 | D:4      | Killed Edmund
  2985 | D:4      | Reached skill level 5 in Fighting
  2985 | D:4      | Reached XP level 6. HP: 50/56 MP: 5/5
  3309 | D:4      | Noticed Ijyb
  3322 | D:4      | Killed Ijyb
  4128 | D:4      | Reached skill level 1 in Polearms
  4128 | D:4      | Reached skill level 5 in Armour
  4128 | D:4      | Reached XP level 7. HP: 55/62 MP: 6/6
  4508 | D:5      | Entered Level 5 of the Dungeon
  4643 | D:5      | Found a glowing drain.
  4658 | D:5      | Reached *** piety under Trog
  4666 | Sewer    | Entered a sewer
  5525 | D:5      | Reached **** piety under Trog
  5533 | D:5      | Reached XP level 8. HP: 69/71 MP: 7/7
  5693 | D:5      | Reached skill level 5 in Polearms
  6360 | D:5      | Found a white marble altar of Elyvilon.
  7142 | D:6      | Found an ornate altar of the Wu Jian Council.
  7395 | D:6      | Reached XP level 9. HP: 81/81 MP: 8/8
  7475 | D:6      | Found a hide-covered altar of Uskayaw.
  7525 | D:6      | Identified the +0 leather armour of Affetaaf {Str+5 Int+3
                  | Dex-5}
  7736 | D:7      | Noticed Pikel
  7905 | D:7      | Killed Pikel
  8167 | D:7      | Found a blossoming altar of Fedhas.
  8172 | D:7      | Found a staircase to the Ecumenical Temple.
  8185 | D:7      | Paralysed by an orc for 3 turns
  8205 | D:7      | Found a shimmering altar of Xom.
  8209 | D:7      | Found a shimmering altar of Xom.
  8209 | D:7      | Found a shimmering altar of Xom.
  8210 | D:7      | Found a shimmering altar of Xom.
  8210 | D:7      | Found a shimmering altar of Xom.
  8329 | D:7      | Found an opulent altar of Gozag.
  8356 | D:7      | Reached skill level 10 in Polearms
  8599 | D:7      | Reached ***** piety under Trog
  8664 | D:7      | Found a runed translucent door.
  8665 | D:7      | Noticed Crazy Yiuf
  8735 | D:7      | Killed Crazy Yiuf
  8736 | D:7      | Reached XP level 10. HP: 78/91 MP: 9/9
  9394 | D:8      | Found an ancient bone altar of Kikubaaqudgha.
  9907 | D:8      | You are sucked into a shaft and drop 1 floor!
  9912 | D:9      | Found a large runed translucent door.
  9913 | D:9      | Found a large runed translucent door.
 10008 | D:8      | Reached skill level 10 in Fighting
 10173 | D:9      | Received a gift from Trog
 10193 | D:9      | Found the +9 scales of the Dragon King {rPois rF+ rC+
                  | Will+}
 10406 | D:9      | Reached skill level 10 in Armour
 10445 | D:9      | Noticed Maurice
 10446 | D:9      | Paralysed by something for 2 turns
 10460 | D:9      | Killed Maurice
 11034 | D:9      | Reached XP level 11. HP: 96/101 MP: 10/10
 11709 | D:9      | Found an iron altar of Okawaru.
 11715 | D:9      | Found a basalt altar of Yredelemnul.
 11723 | D:9      | Reached skill level 1 in Shields
 11767 | D:10     | Entered Level 10 of the Dungeon
 12021 | D:10     | Reached skill level 2 in Shields
 12139 | D:10     | Reached skill level 3 in Shields
 12184 | D:10     | Found a glowing silver altar of Zin.
 12781 | D:11     | Reached skill level 4 in Shields
 12943 | D:11     | Noticed Lodul
 12948 | D:11     | Killed Lodul
 12963 | D:11     | Reached skill level 5 in Shields
 13023 | D:11     | Noticed a boulder beetle
 13038 | D:11     | Killed a boulder beetle
 13161 | D:11     | Reached skill level 6 in Shields
 13207 | D:11     | Noticed Nergalle
 13218 | D:11     | Killed Nergalle
 13336 | D:11     | Reached skill level 7 in Shields
 13413 | D:11     | Found a staircase to the Lair.
 13777 | D:11     | Reached skill level 8 in Shields
 13789 | D:11     | Reached XP level 12. HP: 78/112 MP: 11/11
 14026 | D:12     | Found Xueluet's Weapon Boutique.
 14077 | D:12     | Noticed a two-headed ogre
 14078 | D:12     | Noticed Nessos
 14101 | D:12     | Killed a two-headed ogre
 14179 | D:12     | Killed Nessos
 14298 | D:12     | Found a staircase to the Orcish Mines.
 14525 | D:12     | Noticed a seven-headed hydra
 14535 | D:12     | Killed a seven-headed hydra
 14536 | D:12     | Reached skill level 9 in Shields
 15283 | D:12     | Noticed a boulder beetle
 15301 | D:12     | Killed a boulder beetle
 15616 | Lair:1   | Entered Level 1 of the Lair of Beasts
 16137 | Lair:1   | Reached skill level 10 in Shields
 16505 | Lair:2   | Found a transporter.
 16507 | Lair:2   | Found a transporter.
 16508 | Lair:2   | Noticed Waacy's ghost (adept HOFi)
 16556 | Lair:2   | Found a staircase to the Snake Pit.
 16749 | Lair:2   | Found a shimmering altar of Xom.
 16762 | Lair:2   | Noticed a boulder beetle
 16771 | Lair:2   | Killed a boulder beetle
 16772 | Lair:2   | Reached skill level 11 in Shields
 17407 | Lair:3   | Received a gift from Trog
 17414 | Lair:3   | Reached skill level 12 in Shields
 17448 | Lair:3   | Reached XP level 13. HP: 122/122 MP: 12/12
 17782 | Lair:3   | Noticed Josephine
 17797 | Lair:3   | Noticed Fannar
 17798 | Lair:3   | Killed Josephine
 17841 | Lair:3   | Killed Fannar
 17950 | Lair:3   | Reached skill level 13 in Shields
 18132 | Lair:3   | Noticed Urug
 18148 | Lair:3   | Killed Urug
 18500 | Lair:3   | Found a staircase to the Swamp.
 18656 | Lair:4   | Found a gate leading to a gauntlet.
 18666 | Gauntlet | Entered a Gauntlet
 18666 | Gauntlet | Found a transporter.
 18675 | Gauntlet | Found a transporter.
 18691 | Gauntlet | Found a transporter.
 18698 | Gauntlet | Found a transporter.
 18713 | Gauntlet | Found a transporter.
 18732 | Gauntlet | Found a transporter.
 18756 | Gauntlet | Found a transporter.
 18764 | Gauntlet | Found a transporter.
 18764 | Gauntlet | Found a transporter.
 18782 | Gauntlet | Found a transporter.
 18788 | Gauntlet | Found a transporter.
 18804 | Gauntlet | Noticed a quicksilver ooze
 18805 | Gauntlet | Found a transporter.
 18811 | Gauntlet | Found a transporter.
 18829 | Gauntlet | Found a transporter.
 18835 | Gauntlet | Found a transporter.
 18886 | Gauntlet | Found a transporter.
 18888 | Gauntlet | Found a runed translucent gate.
 18888 | Gauntlet | Found a runed translucent gate.
 18888 | Gauntlet | Found a runed translucent gate.
 18894 | Gauntlet | Found a large runed translucent door.
 18894 | Gauntlet | Found a large runed translucent door.
 18894 | Gauntlet | Found a large runed translucent door.
 18894 | Gauntlet | Found a large runed translucent door.
 18895 | Gauntlet | Found a large runed translucent door.
 18895 | Gauntlet | Found a large runed translucent door.
 18896 | Gauntlet | Found a large runed translucent door.
 18896 | Gauntlet | Found a large runed translucent door.
 18900 | Gauntlet | Found a large runed translucent door.
 18900 | Gauntlet | Found a large runed translucent door.
 18900 | Gauntlet | Found a runed translucent door.
 18900 | Gauntlet | Found a runed translucent door.
 18901 | Gauntlet | Found a large runed translucent door.
 18902 | Gauntlet | Found a large runed translucent door.
 18920 | Gauntlet | Found a large runed translucent door.
 18920 | Gauntlet | Found a large runed translucent door.
 18921 | Gauntlet | Found a large runed translucent door.
 18922 | Gauntlet | Found a transporter.
 18922 | Gauntlet | Found a large runed translucent door.
 18924 | Gauntlet | Found a transporter.
 19518 | Gauntlet | Noticed a minotaur
 19531 | Gauntlet | Killed a minotaur
 19586 | Lair:4   | Reached skill level 14 in Shields
 19607 | Lair:4   | Received a gift from Trog
 19765 | Lair:4   | Noticed Snorg
 19785 | Lair:4   | Killed Snorg
 20248 | Lair:5   | Entered Level 5 of the Lair of Beasts
 20402 | Lair:5   | Reached XP level 14. HP: 133/133 MP: 13/13
 20434 | Lair:5   | Reached skill level 15 in Shields
 20444 | Lair:5   | Reached skill level 15 in Fighting
 20535 | Lair:5   | Found a staircase to the Slime Pits.
 20538 | Lair:5   | Found a viscous altar of Jiyva.
 20813 | Lair:5   | Reached skill level 15 in Armour
 21146 | Lair:5   | Reached skill level 16 in Shields
 21216 | Lair:5   | Found a large runed translucent door.
 21216 | Lair:5   | Found a large runed translucent door.
 21230 | Lair:5   | Received a gift from Trog
 21859 | Orc:1    | Entered Level 1 of the Orcish Mines
 22502 | Orc:2    | Entered Level 2 of the Orcish Mines
 22771 | Orc:2    | Found a staircase to the Elven Halls.
 23387 | Orc:2    | Noticed Blork the orc
 23402 | Orc:2    | Killed Blork the orc
 23464 | Orc:2    | Reached skill level 17 in Shields
 23510 | Orc:2    | Noticed an orc warlord
 23536 | Orc:2    | Killed an orc warlord
 23587 | Orc:2    | Found Qoextom's Antique Armour Emporium.
 23622 | Orc:2    | Received a gift from Trog
 23663 | Orc:2    | Found Jyorchav's Antique Weapon Emporium.
 23670 | Orc:2    | Found Manitseg's Jewellery Emporium.
 23675 | Orc:2    | Found Dughyoqegu's General Store.
 23735 | Orc:2    | Bought a pair of runed boots for 232 gold pieces
 23778 | Orc:2    | Bought an amulet of guardian spirit for 420 gold pieces
 23778 | Orc:2    | Bought a ring of willpower for 350 gold pieces
 24839 | D:13     | Identified the +1 leather armour "Vehoi" {Will+ Int+4}
 24928 | D:13     | Reached XP level 15. HP: 139/144 MP: 12/14
 25860 | D:14     | Found a gate to the Vaults.
 25935 | D:14     | Reached skill level 5 in Dodging
 25983 | D:14     | Reached ****** piety under Trog
 25983 | D:14     | Received a gift from Trog
 26486 | D:15     | Entered Level 15 of the Dungeon
 26666 | D:15     | Reached skill level 18 in Shields
 27090 | D:15     | Found a staircase to the Depths.
 27090 | D:15     | Noticed a fire giant
 27107 | D:15     | Killed a fire giant
 28064 | Lair:2   | Killed Waacy's ghost
 28167 | Swamp:1  | Entered Level 1 of the Swamp
 28190 | Swamp:1  | Identified the +0 robe "Ylosal" {Will+ Dex+4}
 29198 | Swamp:2  | Received a gift from Trog
 29772 | Swamp:3  | Found a transporter.
 29776 | Swamp:3  | Reached XP level 16. HP: 142/155 MP: 12/15
 29840 | Swamp:3  | Found a transporter.
 30265 | Swamp:4  | Entered Level 4 of the Swamp
 30978 | Swamp:3  | Received a gift from Trog
 31675 | Swamp:4  | Reached skill level 10 in Dodging
 31675 | Swamp:4  | Reached skill level 19 in Shields
 31902 | Swamp:4  | Got a decaying rune of Zot
 32034 | Snake:1  | Entered Level 1 of the Snake Pit
 33484 | Snake:2  | Found a snail-covered altar of Cheibriados.
 34332 | Snake:2  | Found Mywojeen's Magic Scroll Boutique.
 34334 | Snake:2  | Found Xuczec's Jewellery Shop.
 34336 | Snake:2  | Found Uwoli's Armour Boutique.
 34525 | Snake:2  | Reached XP level 17. HP: 166/166 MP: 16/16
 35282 | Snake:3  | Received a gift from Trog
 35479 | Snake:3  | Identified the ring of Waoruyf {rPois Will+ Str-2 Int+6
                  | SInv}
 36480 | Snake:4  | Entered Level 4 of the Snake Pit
 36491 | Snake:4  | HP: 6/166 [salamander/+0 halberd (9)]
 36491 | Snake:4  | HP: 1/166 [salamander/+0 halberd (5)]
 36492 | Snake:4  | Succumbed to naga's concentrated venom

Illustrated notes

Levels and vault maps discovered:
D:1:      dpeg_arrival_stone_temple_mockup, layout_basic, basic_ecumenical_altar
D:2:      layout_loops_ring, minmay_misc_feat_columns
D:3:      layout_loops_ring, grunt_qazlal_sundering, nicolae_vehumet_radiance,
          uniq_robin
D:4:      layout_cave_pods, uniq_edmund, uniq_ijyb
D:5:      old_forge, layout_layer_cave, mainiacjoe_overflow_24_doors,
          cheibrodos_sewer_entry_sluice
D:6:      layout_basic, nicolae_wu_jian_immortal_techniques,
          mainiacjoe_overflow_chevrons, serial_park_tiny_pond, minivault_19
D:7:      layout_cave_pools, fedhas_altar_decomposition, xom_redecorated,
          mainiacjoe_overflow_cross_hatched, minmay_temple_entry_sparse_star,
          uniq_pikel, uniq_crazy_yiuf_cottage
D:8:      layout_basic, kiku_gazebo_pond_becter, nicolae_grassy_gnolls
D:9:      layout_rooms, jmf_multi_god_temple2, serial_bayou,
          serial_bayou_pond_b, serial_bayou_lagoon_a, serial_bayou_pond_d,
          serial_bayou_pond_d, serial_bayou_lagoon_b, uniq_maurice
D:10:     layout_irregular_city, nicolae_overflow_hidden_temple
D:11:     layout_roguey [special_room_kobold], lair_entry_dummy, hive_lemuel,
          uniq_lodul, uniq_nergalle
D:12:     layout_gridville, minmay_orc_entry_temple_small, serial_shops, shop,
          kennysheep_big_empty_room, nicolae_elevator_lobby_plus, uniq_nessos
D:13:     layout_stronghold, st_stairs_10, amcnicky_mini_corridor_feature
D:14:     layout_rooms, lightli_vaults_fourway_checkpoint
D:15:     grunt_enter_depths_giant_problem, layout_basic, minmay_misc_feat_cross
Lair:1:   layout_roguey
Lair:2:   layout_roguey, guppyfry_snake_entry_island, basic_altar,
          gammafunk_ghost_hive
Lair:3:   layout_hall_layers, skrybe_swamp_entry_bodies, grunt_megastairs_5,
          uniq_fannar, uniq_urug, uniq_josephine
Lair:4:   layout_cave_shapes, gauntlet_entry_generic, forest_entry_grove,
          uniq_snorg
Lair:5:   cheibrodos_lair_end_hotspot, layout_loops_ring, slime_entry_1
Swamp:1:  layout_basic_swamp, evilmike_swamp_ruin_rubble_1,
          nicolae_swamp_tree_designs
Swamp:2:  layout_basic_swamp, nicolae_swamp_ascending_descending_big
Swamp:3:  gammafunk_worm_tunnel, layout_falls_marsh,
          evilmike_swamp_ruin_house_4, swamp_pool1
Swamp:4:  swamp_alternative, layout_basic_swamp
Snake:1:  layout_onion_interference, nicolae_snake_shapes
Snake:2:  layout_layer_cave, basic_altar, minmay_shop_star
Snake:3:  layout_honeycomb
Snake:4:  snake_pit, layout_grid_shapes, minmay_shop_grove
Orc:1:    layout_caves
Orc:2:    grunt_orc_cross, layout_caves, nooodl_orcs_dogs

Skill      XL: |  1  2  3  4  5  6  7  8  9 10 11 12 13 14 15 16 |
---------------+-------------------------------------------------+-----
Axes           | 4 5 6 7 |  7.1
Fighting       | 4 5 6 7 9 10 12 13 14 16 17 18 | 18.6
Armour         | 3 4 5 6 7 9 10 11 13 14 16 17 18 | 18.5
Polearms       | 1 4 7 10 12 13 | 13.2
Shields        | 8 12 14 17 18 19 | 19.5
Dodging        | 3 7 11 | 11.9

Action                   |  1- 3 |  4- 6 |  7- 9 | 10-12 | 13-15 | 16-18 || total
-------------------------+-------+-------+-------+-------+-------+-------++-------
Melee: Hand axe          |    83 |   101 |       |       |       |       ||   184
       Headbutt          |     9 |    17 |    46 |   150 |   387 |   156 ||   765
       Punch             |       |     1 |     1 |       |       |       ||     2
       Demon trident     |       |     7 |   253 |   631 |  1556 |   545 ||  2992
Throw: Stone             |    25 |     6 |    13 |       |       |       ||    44
       Dart              |       |       |       |     5 |       |       ||     5
       Javelin           |       |       |       |       |     5 |     3 ||     8
Invok: Berserk           |       |     2 |       |     2 |     1 |     1 ||     6
       Trog's Hand       |       |     1 |       |     2 |    13 |     1 ||    17
       Brothers in Arms  |       |       |       |       |       |     1 ||     1
Evoke: Wand              |       |       |       |     1 |       |       ||     1
  Use: Scroll            |       |       |     5 |    14 |    14 |     3 ||    36
Armor: Ring mail         |    27 |    12 |    90 |    44 |       |       ||   173
       Scale mail        |     4 |    24 |       |       |       |       ||    28
       Gold dragon scale |       |       |       |   279 |   791 |   408 ||  1478
Dodge: Dodged            |    40 |    60 |   105 |    96 |   240 |   151 ||   692
Block: Kite shield       |       |       |       |   153 |   718 |   428 ||  1299
